 Dungeon Crawl Stone Soup version 0.22.1-1-ga44c0e5 (webtiles) character file.

921 Irenicus the Cleaver (level 7, -2/57 HPs)
             Began as a Deep Dwarf Monk on Oct 6, 2018.
             Slain by a centaur (6 damage)
             ... on level 5 of the Dungeon.
             The game lasted 00:18:51 (2985 turns).

Irenicus the Cleaver (Deep Dwarf Monk)              Turns: 2985, Time: 00:18:51

Health: -2/57      AC:  8    Str: 15    XL:     7   Next: 84%
Magic:  7/7        EV: 12    Int: 10    God:
Gold:   227        SH:  0    Dex: 17    Spells: 6/6 levels left

rFire    + + .     SeeInvis .   a - +0 hand axe
rCold    + . .     Gourm    .   (no shield)
rNeg     . . .     Faith    .   q - +1 ring mail {MR+}
rPois    +         Spirit   .   d - +2 hat
rElec    +         Reflect  .   (no cloak)
rCorr    +         Harm     .   (no gloves)
MR       ++...     Rnd*Rage +   (no boots)
Stlth    ++........             (no amulet)
HPRegen  0.00/turn              (no ring)
MPRegen  0.10/turn              (no ring)

@: resistant, non-regenerating
A: damage resistance, heal wounds, antennae 1, berserk 1, fire resistance 1,
frail 1, sense surroundings 1, no regeneration
a: Heal Wounds


You were on level 5 of the Dungeon.
You were hungry.

You visited 1 branch of the dungeon, and saw 5 of its levels.
You also visited: Ossuary.

You collected 227 gold pieces.

Inventory:

Hand Weapons
 a - a +0 hand axe (weapon)
Armour
 d - a +2 hat (worn)
   (You found it on level 1 of the Dungeon)
 q - a +1 ring mail of magic resistance (worn)
   (You took it off an orc on level 4 of the Dungeon)
Wands
 g - a wand of random effects (7)
   (You took it off Robin on level 2 of the Dungeon)
Scrolls
 b - a scroll of enchant armour {unknown}
 e - 2 scrolls of enchant weapon {unknown}
 f - 6 scrolls of identify {unknown}
 h - 4 scrolls of remove curse {unknown}
 i - 2 scrolls of blinking {unknown}
 k - 2 scrolls of random uselessness {unknown}
 l - a scroll of magic mapping {unknown}
 o - 2 scrolls of noise {unknown}
 p - a scroll of immolation {unknown}
Potions
 j - 3 potions of curing
 m - a potion of agility
 n - 2 potions of haste
Comestibles
 c - 6 rations


   Skills:
 - Level 4.0 Fighting
 + Level 8.8 Axes
 + Level 3.2 Armour
 - Level 3.6 Dodging
 - Level 3.0 Stealth


You had 6 spell levels left.
You didn't know any spells.
Your spell library was empty.

Dungeon Overview and Level Annotations

Branches:
Dungeon (5/15)
 Temple: D:4-7

Altars:
Dithmenos
Xom
Zin

Annotations:
D:3 3 runed doors, brandon's ghost, amateur DEFE


Innate Abilities, Weirdness & Mutations

You are resistant to damage.
You can heal yourself by infusing magical energy.
You passively map a small area around you.
You do not regenerate.
You have a pair of small antennae on your head.
You tend to lose your temper in combat.
Your flesh is heat resistant. (rF+)
You are frail. (-10% HP)


Message History

The orc hits you.
You take 1 damage, and have 27/57 hp.
You hit the orc.
You kill the orc!
Things that are here:
a chain mail; an orc corpse
Things that are here:
a dagger; an orc corpse
Things that are here:
a club; an orc corpse A crimson imp comes into view.
The crimson imp shouts!
The crimson imp blinks!
You closely miss the crimson imp. The crimson imp barely misses you.
You slash the crimson imp!
The crimson imp blinks!
The crimson imp blinks!
The crimson imp hits you but does no damage.
You hit the crimson imp.
The crimson imp hits you but does no damage.
You hit the crimson imp. The crimson imp closely misses you.
You open the door.
The crimson imp blinks!
There is an open door here.
You see here a scroll labeled VAOT FAMORIMU.
k - 2 scrolls labeled VAOT FAMORIMU (gained 1)
The crimson imp blinks!
You see here 14 gold pieces.
You now have 227 gold pieces (gained 14).
The crimson imp closely misses you.
You miss the crimson imp. The crimson imp closely misses you.
You completely miss the crimson imp.
The crimson imp blinks!
The crimson imp blinks!
The crimson imp barely misses you.
The crimson imp blinks!
You open the door.
The crimson imp blinks!
There is an open door here.
The crimson imp blinks!
You see here an emerald potion.
r - an emerald potion You open the door.
There is an open door here.
You open the door.
There is an open door here.
There is an open door here.
You open the door.
There are no items here.
There is an open door here.
Found a shadowy altar of Dithmenos.
You are feeling hungry.
An adder comes into view.
The adder hisses angrily.
The adder bites you but does no damage.
You hit the adder. The adder barely misses you.
You hit the adder. The adder bites you but does no damage.
You closely miss the adder. The adder misses you.
You slash the adder!
You kill the adder!
You see here an adder corpse.
Found a stone staircase leading down.
A centaur comes into view.
The centaur shouts!
The centaur wields a shortbow.
The centaur shoots an arrow.
The arrow hits you but does no damage.
The centaur shoots an arrow.
The arrow hits you.
You see here 2 arrows.
The centaur shoots an arrow.
The arrow hits you.
You see here an arrow.
You take 4 damage, and have 23/57 hp.
The centaur shoots an arrow.
The arrow hits you.
You see here an arrow.
You take 4 damage, and have 19/57 hp.
The centaur shoots an arrow.
The arrow completely misses you.
The centaur shoots an arrow.
The arrow completely misses you.
A centaur opens the door.
The centaur shoots an arrow.
The arrow closely misses you.
The centaur shoots an arrow.
The arrow hits you!
* * * LOW HITPOINT WARNING * * *
You take 6 damage, and have 13/57 hp.
The centaur unwields an uncursed shortbow.
The centaur hits you but does no damage.
There is an open door here.
You hit the centaur. The centaur hits you.
* * * LOW HITPOINT WARNING * * *
You take 4 damage, and have 9/57 hp.
You slash the centaur!
The centaur hits you but does no damage.
Your ring mail prevents you from hitting the centaur.
The centaur hits you.
* * * LOW HITPOINT WARNING * * *
The centaur hits you but does no damage.
You take 5 damage, and have 4/57 hp.
You hit the centaur.
The centaur hits you but does no damage.
You hit the centaur. The centaur barely misses you.
Okay, then.
It was a potion of resistance.
You feel protected.
The centaur hits you but does no damage.
The centaur hits you.
You hit the centaur but do no damage. The centaur hits you!
You die...

, ,, , +........,,
,#?....... , , #....... ,
* ###....... ,, ,
.........#+#####
................ ,
.........c...... , ,, ,
......>.@....... , ,
................ , ,
.........####### *
###......# #.....(#, , ,
#(...(.#, ,. ,, ,
#....(.#.... *
###########............
...........#..##.#...##,,


You could see a centaur.

Vanquished Creatures
  2 ogres (D:4)
  3 scorpions (D:4)
  A human zombie (Ossuary)
  3 orc priests
  Jessica (D:3)
  4 orc wizards
  2 worker ants (D:4)
  A hound skeleton (D:4)
  3 mummies (Ossuary)
  Robin (D:2)
  8 adders
  2 oozes
  4 adder zombies (Ossuary)
  2 worms
  4 dart slugs
  3 leopard geckos
  19 orcs
  A giant cockroach (D:3)
  20 goblins
  12 hobgoblins
  2 jackals (D:3)
  2 quokkas (D:3)
  9 bats
  8 frilled lizards
  A gnoll zombie (Ossuary)
  A goblin zombie (Ossuary)
  A hobgoblin zombie (Ossuary)
  9 kobolds
  3 kobold zombies (Ossuary)
  A leopard gecko skeleton (D:4)
  An orc zombie (Ossuary)
  2 quokka zombies (Ossuary)
  10 rats
  4 rat zombies (Ossuary)
150 creatures vanquished.

Notes
Turn   | Place    | Note
-------+----------+-------------------------------------------
     0 | D:1      | Irenicus the Deep Dwarf Monk began the quest for the Orb.
     0 | D:1      | Reached XP level 1. HP: 20/20 MP: 1/1
   149 | D:1      | Reached XP level 2. HP: 16/27 MP: 2/2
   347 | D:1      | Reached skill level 3 in Stealth
   379 | D:1      | Reached skill level 3 in Fighting
   411 | D:1      | HP: 4/28 [dart slug/slug dart (5)]
   414 | D:1      | Gained mutation: You occasionally shout uncontrollably at
                  | your foes. [potion of mutation]
   414 | D:1      | Gained mutation: Your spells are a little harder to cast,
                  | but a little more powerful. [potion of mutation]
   496 | D:1      | Reached XP level 3. HP: 5/34 MP: 3/3
   838 | D:2      | Reached skill level 4 in Axes
   994 | D:2      | Reached XP level 4. HP: 16/42 MP: 4/4
   995 | D:2      | Noticed Robin
  1031 | D:2      | Killed Robin
  1230 | D:2      | HP: 10/43 [adder (1)]
  1257 | D:2      | HP: 8/44 [hobgoblin/club (2)]
  1334 | D:3      | Found a runed gate.
  1334 | D:3      | Found a runed gate.
  1334 | D:3      | Found a runed gate.
  1334 | D:3      | Noticed brandon's ghost (amateur DEFE)
  1582 | D:3      | Reached XP level 5. HP: 27/50 MP: 5/5
  1590 | D:3      | Reached skill level 4 in Fighting
  1653 | D:3      | Noticed Jessica
  1672 | D:3      | Killed Jessica
  1672 | D:3      | Reached skill level 5 in Axes
  2022 | D:4      | HP: 10/50 [orc wizard/dagger (3)]
  2030 | D:4      | Reached skill level 1 in Armour
  2030 | D:4      | Reached XP level 6. HP: 34/57 MP: 6/6
  2120 | D:4      | Reached skill level 6 in Axes
  2179 | D:4      | HP: 11/57 [worker ant (4)]
  2184 | D:4      | HP: 3/57 [worker ant (3)]
  2215 | D:4      | Reached skill level 2 in Armour
  2229 | D:4      | HP: 13/57 [ogre/giant club (10)]
  2231 | D:4      | HP: 6/57 [something (7)]
  2307 | D:4      | Reached skill level 7 in Axes
  2307 | D:4      | Reached XP level 7. HP: 19/64 MP: 7/7
  2309 | D:4      | HP: 16/64 [worker ant (1)]
  2316 | D:4      | Found a glowing silver altar of Zin.
  2318 | D:4      | Noticed an angel
  2322 | D:4      | Found a shimmering altar of Xom.
  2379 | D:4      | HP: 15/64 [scorpion (1)]
  2395 | D:4      | HP: 13/64 [adder (2)]
  2413 | D:4      | Reached skill level 8 in Axes
  2436 | D:4      | Found a sand-covered staircase.
  2441 | Ossuary  | Entered an ossuary
  2604 | Ossuary  | Lost mutation: Your spells are a little harder to cast, but
                  | a little more powerful. [potion of mutation]
  2604 | Ossuary  | Lost mutation: You occasionally shout uncontrollably at
                  | your foes. [potion of mutation]
  2604 | Ossuary  | Gained mutation: You are frail. (-10% HP) [potion of
                  | mutation]
  2604 | Ossuary  | Gained mutation: You tend to lose your temper in combat.
                  | [potion of mutation]
  2604 | Ossuary  | Gained mutation: You have a pair of small antennae on your
                  | head. [potion of mutation]
  2604 | Ossuary  | Gained mutation: Your flesh is heat resistant. (rF+)
                  | [potion of mutation]
  2733 | D:5      | Entered Level 5 of the Dungeon
  2791 | D:5      | HP: 13/57 [poisoned by an orc wizard]
  2826 | D:5      | HP: 11/57 [orc priest/club (4)]
  2832 | D:5      | Reached skill level 3 in Armour
  2944 | D:5      | Found a shadowy altar of Dithmenos.
  2977 | D:5      | HP: 13/57 [centaur/arrow (6)]
  2981 | D:5      | HP: 4/57 [centaur (5)]
  2985 | D:5      | Slain by a centaur

Skill      XL: |  1  2  3  4  5  6  7 |
---------------+----------------------+-----
Stealth        | 3 |  3.0
Fighting       | 3 4 |  4.0
Axes           | 4 5 7 8 |  8.8
Armour         | 1 2 3 |  3.2
Dodging        | |  3.6

Action                   |  1- 3 |  4- 6 |  7- 9 || total
-------------------------+-------+-------+-------++-------
Melee: Hand axe          |   115 |   279 |   150 ||   544
 Abil: Heal Wounds       |     1 |     4 |     1 ||     6
Evoke: Wand              |       |    12 |     6 ||    18
  Use: Potion            |     2 |     4 |     5 ||    11
 Stab: Sleeping          |     9 |     4 |       ||    13
       Confused          |       |     5 |       ||     5
  Eat: Chunk             |       |     5 |     2 ||     7
Armor: Robe              |    17 |    32 |       ||    49
       Skin              |       |    32 |       ||    32
       Ring mail         |       |    30 |    57 ||    87
Dodge: Dodged            |    73 |   173 |    88 ||   334

Vault maps used:
D:1:      elethiomel_arrival_infinity_welcomes_careful_drivers,
          serial_park_tiny_1
D:2:      uniq_robin
D:3:      ebering_ghost_rock_garden, uniq_jessica
D:4:      grunt_temple_overflow_order_and_chaos_1, enter_ossuary_5, first_ration
D:5:      old_standard_altar, nicolae_ashenzari_panopticon
Ossuary:  ossuary_minmay_chase

Table legend:
 A = Turns spent in this place as a percentage of turns spent in the entire game.
 B = Non-inter-level travel turns spent in this place as a percentage of non-inter-level travel turns spent in the entire game.
 C = Inter-level travel turns spent in this place as a percentage of turns spent in this place.
 D = Turns resting spent in this place as a percentage of non-inter-level travel turns spent in this place.
 E = Turns spent auto-exploring this place as a percentage of non-inter-level travel turns spent in this place.
 F = Non-inter-level travel turns spent in this place divided by the number of levels of this place that you've seen.
                   A       B       C       D       E      F
               +-------+-------+-------+-------+-------+----------------------
         Total | 100.0 | 100.0 |   0.0 |   0.2 |   0.0 | 497.5
       Dungeon |  94.4 |  94.4 |   0.0 |   0.2 |   0.0 | 563.4
       Ossuary |   5.6 |   5.6 |   0.0 |   0.0 |   0.0 | 168.0
               +-------+-------+-------+-------+-------+----------------------

Table legend:
 A = Kills in this place as a percentage of kills in entire the game.
 B = Kills by you in this place as a percentage of kills by you in the entire game.
 C = Kills by friends in this place as a percentage of kills by friends in the entire game.
 D = Other kills in this place as a percentage of other kills in the entire game.
 E = Experience gained in this place as a percentage of experience gained in the entire game.
 F = Experience gained in this place divided by the number of levels of this place that you have seen.
                   A       B       C       D       E      F
               +-------+-------+-------+-------+-------+----------------------
         Total | 100.0 | 100.0 |   N/A | 100.0 | 100.0 | 219.3
       Dungeon |  86.0 |  85.9 |   N/A | 100.0 |  90.1 | 237.2
       Ossuary |  14.0 |  14.1 |   N/A |   0.0 |   9.9 | 130.0
               +-------+-------+-------+-------+-------+----------------------
